 Dungeon Crawl Stone Soup version 0.18-a0-1561-g7b1e397 (webtiles) character file.

9655 MrRokkomies the Spear-Bearer (level 11, -5/89 HPs)
             Began as a Demigod Summoner on Mar 10, 2016.
             Slain by a seven-headed hydra (14 damage)
             ... on level 2 of the Lair of Beasts on Mar 13, 2016.
             The game lasted 01:35:47 (13613 turns).

MrRokkomies the Spear-Bearer (Demigod Summoner)    Turns: 13613, Time: 01:35:47

Health: -5/89      AC: 17    Str: 15    XL:     11   Next: 5%
Magic:  2/17       EV: 11    Int: 21    God:
Gold:   204        SH:  0    Dex: 20    Spells: 4 memorised, 1 level left

rFire  . . .     SeeInvis .     a - +3 halberd
rCold  . . .     Gourm    +     U - +3 ring mail {MR+}
rNeg   . . .     Faith    .     (shield currently unavailable)
rPois  .         Spirit   .     T - +1 hat
rElec  .         Dismiss  .     B - +0 cloak
rCorr  .         Reflect  .     o - +0 pair of gloves
SustAt +         Harm     .     Y - +1 pair of boots
MR     ++...                    m - amulet of the gourmand
Stlth  ++........               g - +3 ring of protection
                                d - +4 ring of dexterity

@: very slightly contaminated, very resistant to hostile enchantments,
unstealthy
A: high mp 1, sustain attributes
a: no special abilities


You were on level 2 of the Lair of Beasts.
You were not hungry.

You visited 2 branches of the dungeon, and saw 11 of its levels.
You also visited: Sewer.

You collected 722 gold pieces.
You spent 518 gold pieces at shops.

Inventory:

Hand Weapons
 a - a +3 halberd (weapon)
 b - a +0 hand crossbow
Missiles
 v - 9 poisoned bolts
 x - 13 bolts of flame
 y - 51 bolts
 A - 26 poisoned needles
Armour
 o - a +0 pair of gloves (worn)
 B - a +0 cloak (worn)
 T - a +1 hat (worn)
 U - a +3 ring mail of magic resistance (worn)
 W - the +1 robe of Saut Ate {rF+++ MR- rCorr Int+7}
   (You found it on level 9 of the Dungeon)

   It affects your intelligence (+7).
   It renders you almost immune to fire.
   It affects your resistance to hostile enchantments.
   It protects you from acid and corrosion.
 Y - a +1 pair of boots (worn)
Jewellery
 d - a +4 ring of dexterity (left hand)
 g - a +3 ring of protection (right hand)
 h - an uncursed ring of see invisible
 m - an amulet of the gourmand (around neck)
Wands
 l - a wand of flame (14/48)
 u - a wand of flame (3/48)
 C - a wand of iceblast (5/15)
 G - a wand of lightning (11/15)
 H - a wand of lightning (4/15)
 K - a wand of iceblast (9/15)
 L - a wand of polymorph (15/24)
 P - a wand of disintegration (13/24)
 V - a wand of iceblast (5/15)
Scrolls
 e - a scroll of remove curse
 r - a scroll of fear
 M - a scroll of immolation
 N - 3 scrolls of teleportation
 R - a scroll of magic mapping
Potions
 f - 6 potions of flight
 q - 2 potions of ambrosia
 s - 4 potions of lignification
 t - a potion of resistance
 E - a potion of cancellation
 S - 4 potions of curing
Books
 X - a book of Beasts

   Spells                             Type                      Level
   a - Summon Butterflies             Summoning                    1
   b - Call Canine Familiar           Summoning                    3
   c - Summon Ice Beast               Ice/Summoning                4
   d - Summon Mana Viper              Hexes/Summoning              5
   e - Summon Hydra                   Summoning                    7
Comestibles
 c - 13 bread rations
 O - 3 meat rations


   Skills:
 * Level 5.9 Fighting
 - Level 9.0 Polearms
 - Level 5.0 Armour
 - Level 1.7 Dodging
 - Level 1.7 Stealth
 - Level 1.7 Spellcasting
 - Level 8.1 Summonings
 - Level 6.1 Ice Magic
 * Level 5.2 Air Magic


You had one spell level left.
You knew the following spells:

 Your Spells              Type           Power        Failure   Level  Hunger
a - Summon Ice Beast      Ice/Summ       ####....     17%         4    #####..
b - Call Canine Familiar  Summ           #####...     2%          3    ###....
c - Summon Lightning Spi  Summ/Air       ####....     21%         4    #####..
d - Summon Butterflies    Summ           #####...     1%          1    #......


Dungeon Overview and Level Annotations

Branches:
Dungeon (9/15)             Temple (0/1) D:6            Lair (2/8) D:8
    Orc: D:9-12

Shops:
D:8 [

Annotations:
D:4 trgk's ghost, amateur MiGl
D:5 1 runed door


Innate Abilities, Weirdness & Mutations

You have an increased reservoir of magic (+10% MP).
Your attributes are resistant to harm.


Message History

The six-headed hydra is no longer moving slowly.
The six-headed hydra bites you!
The six-headed hydra bites you but does no damage. x2
The six-headed hydra bites you! x2
* * * LOW HITPOINT WARNING * * *
The six-headed hydra barely misses you.
Your ice beast hits the six-headed hydra.
Your ice beast freezes the six-headed hydra.
Unknown command.
You chop one of the six-headed hydra's heads off!
The five-headed hydra grows two more!
You puncture the seven-headed hydra!
The seven-headed hydra is almost dead.
The seven-headed hydra barely misses you.
The seven-headed hydra bites you!
* * * LOW HITPOINT WARNING * * *
The seven-headed hydra closely misses you.
The seven-headed hydra bites you.
* * * LOW HITPOINT WARNING * * *
The seven-headed hydra bites you!
You die...

# ######
.##.####..#.##P####
.......<.YD@.......
.......b...........
..##...bb..?.......
.............##..#P
.......bP#.### .#
.......b†#..# P#
....#.......# #
....#..)..⌠.. #.#
#...##. .#


You could see a seven-headed hydra and a friendly ice beast.

Vanquished Creatures
  Urug (Lair:1)
  2 spiny frogs (Lair:1)
  2 blink frogs (Lair:2)
  A spriggan (D:9)
  5 yaks
  Eustachio (D:4)
  Edmund (D:5)
  2 water moccasins
  3 porcupines (Lair:1)
  Purgy (Sewer)
  3 orc warriors
  A sky beast (D:6)
  A necrophage (D:8)
  4 ice beasts
  4 black bears
  3 ogres
  2 phantoms
  A wolf (Lair:1)
  2 crocodiles
  6 giant frogs
  4 scorpions
  A killer bee (D:5)
  11 wights
  3 howler monkeys (D:9)
  An electric eel (Lair:1)
  2 jellies (D:5)
  A centaur zombie (D:6)
  7 crimson imps
  3 giant frog skeletons
  A giant frog zombie (D:8)
  A gnoll shaman (D:8)
  4 hounds
  A centaur skeleton (D:6)
  5 orc priests
  An iguana (D:7)
  An orc wizard (D:8)
  14 worker ants
  2 worker ant zombies (D:6)
  9 gnolls
  5 adders
  A river rat (D:8)
  3 shadow imps
  An ooze (D:2)
  An adder skeleton (D:8)
  8 worms
  A dart slug (D:4)
  3 giant geckos
  19 orcs
  A ball python (D:1)
  10 giant cockroaches
  9 goblins
  5 hobgoblins
  3 quokkas
  7 bats
  A giant gecko zombie (D:7)
  7 giant newts
  17 kobolds
  15 rats
  A plant (Lair:1)
236 creatures vanquished.

Vanquished Creatures (collateral kills)
  A hydra (Lair:1)
  Erolcha (D:8)
  3 blink frogs (Lair:2)
  3 yaks
  2 hippogriffs
  A water moccasin (Lair:1)
  A black bear (D:5)
  A necrophage (D:8)
  2 ogres
  2 giant frogs
  A wyvern skeleton (D:8)
  A wight (D:8)
  A hound (D:6)
  3 orc wizards
  An orc priest (D:6)
  A gnoll (D:8)
  A shadow imp (D:9)
  A worm (D:2)
  A dart slug (D:5)
  2 giant geckos
  8 orcs
  2 giant cockroaches
  2 goblins (D:3)
  3 hobgoblins
  A jackal skeleton (D:8)
  A rat (D:8)
47 creatures vanquished.

Vanquished Creatures (others)
  21 fungi
  19 plants
40 creatures vanquished.

Grand Total: 323 creatures vanquished

Notes
Turn   | Place    | Note
--------------------------------------------------------------
     0 | D:1      | MrRokkomies the Demigod Summoner began the quest for the Orb.
     0 | D:1      | Reached XP level 1. HP: 14/14 MP: 5/5
   672 | D:1      | Reached XP level 2. HP: 22/22 MP: 7/7
   686 | D:1      | HP: 1/22 [gnoll/halberd (2)]
   693 | D:1      | Reached skill level 1 in Fighting
  1231 | D:1      | Found a sparkling altar of Nemelex Xobeh.
  1417 | D:2      | Reached XP level 3. HP: 24/29 MP: 8/8
  1422 | D:2      | Learned a level 3 spell: Call Canine Familiar
  1708 | D:2      | Reached skill level 1 in Polearms
  2463 | D:3      | Found a faded altar to an unknown god.
  2549 | D:3      | Reached XP level 4. HP: 37/37 MP: 9/9
  2803 | D:3      | Reached skill level 2 in Polearms
  3651 | D:4      | Noticed Eustachio
  3678 | D:4      | Killed Eustachio
  3678 | D:4      | Reached skill level 3 in Polearms
  3678 | D:4      | Reached XP level 5. HP: 10/45 MP: 8/10
  4314 | D:4      | Noticed trgk's ghost (amateur MiGl)
  4405 | D:4      | Reached XP level 6. HP: 45/52 MP: 11/11
  4512 | D:5      | Entered Level 5 of the Dungeon
  4687 | D:5      | Reached skill level 4 in Polearms
  4829 | D:5      | Upgraded the game from 0.18-a0-1542-g9c1a92e to 0.18-a0-1549-g08f95da
  4940 | D:5      | Reached XP level 7. HP: 56/60 MP: 12/12
  4947 | D:5      | Found a glowing drain.
  4952 | Sewer    | Entered a sewer
  4988 | Sewer    | Noticed Purgy
  4994 | Sewer    | Killed Purgy
  4994 | Sewer    | Reached skill level 5 in Fighting
  5395 | D:5      | Learned a level 4 spell: Summon Lightning Spire
  5406 | D:5      | Reached skill level 5 in Polearms
  5406 | D:5      | Reached skill level 1 in Armour
  5492 | D:5      | Noticed Edmund
  5513 | D:5      | Killed Edmund
  5607 | D:5      | Found a runed door.
  5622 | D:5      | Found a runed door.
  5648 | D:5      | Reached XP level 8. HP: 68/68 MP: 13/13
  5656 | D:5      | Reached skill level 6 in Polearms
  6329 | D:6      | Reached skill level 7 in Polearms
  6473 | D:6      | Reached skill level 5 in Armour
  6674 | D:6      | Found a staircase to the Ecumenical Temple.
  7194 | D:7      | Reached skill level 5 in Summonings
  7194 | D:7      | Reached XP level 9. HP: 74/74 MP: 10/14
  7253 | D:7      | Found a bloodstained altar of Trog.
  7606 | D:7      | Reached skill level 8 in Polearms
  8532 | D:8      | Found a staircase to the Lair.
  8539 | D:8      | Learned a level 4 spell: Summon Ice Beast
  8578 | D:8      | Reached skill level 9 in Polearms
  8588 | D:8      | Found Uqaigicu's Armour Boutique.
  8640 | D:8      | Bought a +1 hat for 154 gold pieces
  8640 | D:8      | Bought a +3 ring mail of magic resistance for 364 gold pieces
  8754 | D:8      | Reached skill level 1 in Ice Magic
  8797 | D:8      | Found a stormy altar of Qazlal.
  9049 | D:8      | Noticed Erolcha
  9079 | D:8      | Killed Erolcha
  9315 | D:8      | Reached XP level 10. HP: 81/81 MP: 15/15
  9893 | D:9      | Got a wizard robe
  9904 | D:9      | Identified the cursed +1 robe of Saut Ate {rF+++ MR- rCorr Int+7} (You found it on level 9 of the Dungeon)
 10136 | D:9      | Found an iron altar of Okawaru.
 10209 | D:9      | Reached skill level 1 in Air Magic
 10620 | D:9      | Reached skill level 5 in Ice Magic
 10664 | Lair:1   | Entered Level 1 of the Lair of Beasts
 10677 | Lair:1   | Learned a level 1 spell: Summon Butterflies
 10677 | Lair:1   | Upgraded the game from 0.18-a0-1549-g08f95da to 0.18-a0-1554-g49b38aa
 12177 | Lair:1   | Upgraded the game from 0.18-a0-1554-g49b38aa to 0.18-a0-1561-g7b1e397
 12615 | Lair:1   | Noticed Urug
 12642 | Lair:1   | HP: 4/121 [Urug/battleaxe (7)]
 12645 | Lair:1   | Killed Urug
 13423 | Lair:1   | Noticed a five-headed hydra
 13432 | Lair:1   | Killed a six-headed hydra
 13491 | Lair:2   | Reached skill level 5 in Air Magic
 13491 | Lair:2   | Reached XP level 11. HP: 83/89 MP: 9/17
 13597 | Lair:2   | Noticed a four-headed hydra
 13613 | Lair:2   | Slain by a seven-headed hydra

Vault maps used:
D:1:      wheals_arrival_shading, st_stairs_12, nemelex_diamond_rough_becter
D:2:      hangedman_glass_teeth
D:3:      corexii_shack_village, ecumenical_altar_1
D:4:      first_bread, uniq_eustachio
D:5:      lemuel_insect_pit, portal_sewer_entry_e, uniq_edmund
D:6:      lemuel_upstairs_altar, minmay_temple_entry_poolview
D:7:      hangedman_cross_stitches, trog_ov_bears_minmay, minivault_22
D:8:      due_lair_maze_entry_diamond, serial_shops, shop, basic_altar,
          uniq_erolcha
D:9:      nicolae_overflow_hidden_temple, the_bakery,
          kennysheep_decorative_pillar
Lair:1:   serial_bayou_shore_a, wad_woods_river_01, uniq_urug
Lair:2:   minmay_lair_oklob_chamber, hangedman_lair_unloving_vines,
          lemuel_centaur_altar, grunt_megastairs_4, lemuel_fruit_fields,
          infiniplex_staircase_pool, uniq_gastronok
Sewer:    kennysheep_door_sewer

Skill      XL: |  1  2  3  4  5  6  7  8  9 10 |
---------------+-------------------------------+-----
Fighting       | 1 2 3 4 5 |  5.9
Summonings     | 4 5 7 8 |  8.1
Polearms       | 1 3 4 5 7 9 |  9.0
Armour         | 3 5 |  5.0
Ice Magic      | 2 6 |  6.1
Air Magic      | 5 |  5.2
Dodging        | |  1.7
Stealth        | |  1.7
Spellcasting   | |  1.7

Action                   |  1- 3 |  4- 6 |  7- 9 | 10-12 || total
-------------------------+-------+-------+-------+-------++-------
Melee: Hand axe          |    35 |       |       |       ||    35
       Unarmed           |    10 |       |       |       ||    10
       Halberd           |    76 |   130 |   468 |   326 ||  1000
 Fire: Hunting sling     |    20 |    28 |    33 |     9 ||    90
       Hand crossbow     |       |       |       |    11 ||    11
Throw: Stone             |       |       |     3 |     4 ||     7
 Cast: Call Canine Famil |     3 |     8 |    22 |     9 ||    42
       Summon Ice Beast  |       |       |       |    16 ||    16
       Summon Lightning  |       |       |       |     2 ||     2
       Summon Butterflie |       |       |       |     1 ||     1
Evoke: Wand              |       |     8 |     4 |       ||    12
  Use: Scroll            |     7 |     5 |    10 |     7 ||    29
       Potion            |     3 |     1 |     5 |     1 ||    10
 Stab: Sleeping          |    12 |     8 |     7 |     1 ||    28
       Invisible         |     2 |       |       |       ||     2
       Distracted        |       |       |     9 |     5 ||    14
  Eat: Chunk             |     6 |    10 |    24 |    16 ||    56
       Beef jerky        |       |     1 |       |       ||     1
